 Dungeon Crawl Stone Soup version 0.21.1-1-g345015f (webtiles) character file.

3359 inc the Infuser (level 9, -1/43 HPs)
             Began as a Felid Enchanter on Feb 28, 2018.
             Was a Follower of Ashenzari.
             Slain by a hound (6 damage)
             ... on level 8 of the Dungeon.
             The game lasted 00:28:53 (9813 turns).

inc the Infuser (Felid Enchanter)                   Turns: 9813, Time: 00:28:53

Health: -1/43      AC:  5    Str:  4    XL:     9   Next: 73%
Magic:  2/15       EV: 22    Int: 19    God:    Ashenzari [*.....]
Gold:   399        SH:  0    Dex: 17    Spells: 3/15 levels left
                                        Lives:  0   Deaths: 2

rFire    . . .     SeeInvis +     - Unarmed
rCold    . . .     Gourm    .   (shield unavailable)
rNeg     . . .     Faith    .   (armour unavailable)
rPois    +         Spirit   .   (helmet unavailable)
rElec    .         Reflect  .   (cloak unavailable)
rCorr    .         Harm     .   (gloves unavailable)
MR       +....                  (boots unavailable)
Stlth    +++.......             l - amulet of rage (curse)
HPRegen  0.14/turn              e - ring of poison resistance (curse)
MPRegen  0.14/turn              q - +3 ring of protection (curse)

@: berserk cooldown, slowed, slow
A: very small, no armour, no weapons or thrown items, stealth, claws 1, fangs 3,
see invisible, carnivore, speed 1, shaggy fur 2, slow metabolism 1, sharp paws
a: Curse Item, Scrying, Renounce Religion, Evoke Berserk Rage


You were on level 8 of the Dungeon.
You worshipped Ashenzari.
Ashenzari was aware of your devotion.
You were near starving.

You visited 2 branches of the dungeon, and saw 9 of its levels.
You also visited: Sewer and Bailey.

You collected 399 gold pieces.

Inventory:

Jewellery
 e - a cursed ring of poison resistance (left paw)
 f - an uncursed ring of wizardry
 i - an uncursed ring of protection from fire
 l - a cursed amulet of rage (around neck)
 n - an uncursed ring of see invisible
 q - a cursed +3 ring of protection (right paw)
 v - a +1 ring of protection
 z - a cursed amulet of inaccuracy
Wands
 t - a wand of enslavement (11)
 u - a wand of iceblast (9)
Scrolls
 d - 2 scrolls of enchant weapon {unknown}
 h - 2 scrolls of amnesia {unknown}
 j - 2 scrolls of magic mapping
 k - 5 scrolls of teleportation
 m - a scroll of noise
 o - 5 scrolls of fear {unknown}
 x - a scroll of immolation {unknown}
 B - a scroll of random uselessness {unknown}
 D - 2 scrolls of enchant armour {unknown}
Potions
 c - a potion of flight
 g - a potion of brilliance
 p - 2 potions of resistance {unknown}
 r - a potion of mutation
 s - 3 potions of might {unknown}
 w - 2 potions of lignification
 A - 2 potions of magic
 F - 3 potions of heal wounds {unknown}
 G - 2 potions of experience {unknown}
Books
 a - a book of Maledictions

   Spells                             Type                      Level
   a - Corona                         Hexes                        1
   b - Ensorcelled Hibernation        Hexes/Ice                    2
   c - Confuse                        Hexes                        3
   d - Tukima's Dance                 Hexes                        3
   e - Dazzling Spray                 Conjuration/Hexes            3
 y - a book of Misfortune

   Spells                             Type                      Level
   a - Confusing Touch                Hexes                        1
   b - Confuse                        Hexes                        3
   c - Gell's Gravitas                Translocation                3
   d - Petrify                        Transmutation/Earth          4
   e - Metabolic Englaciation         Hexes/Ice                    5
   f - Yara's Violent Unravelling     Hexes/Transmutation          5
 C - the Almanac of Aid
   (You found it on level 7 of the Dungeon)

   Spells                             Type                      Level
   a - Shroud of Golubria             Charms/Translocation         2
   b - Regeneration                   Charms/Necromancy            3
   c - Spectral Weapon                Hexes/Charms                 3
   d - Iskenderun's Battlesphere      Conjuration/Charms           5
Miscellaneous
 H - a phial of floods
Comestibles
 b - 17 rations


   Skills:
 + Level 7.5 Fighting
 - Level 6.3 Dodging
 - Level 4.0 Stealth
 - Level 7.4 Unarmed Combat
 - Level 3.6 Spellcasting
 - Level 7.0 Hexes
 - Level 8.1 Charms
 - Level 3.1 Ice Magic
 - Level 2.1 Evocations


You had 3 spell levels left.
You knew the following spells:

 Your Spells              Type           Power        Failure   Level  Hunger
a - Corona                Hex            ####...      1%          1    None
b - Ensorcelled Hibernat  Hex/Ice        ###...       2%          2    ##.....
c - Confuse               Hex            ####....     2%          3    ###....
d - Confusing Touch       Hex            ####..       1%          1    None
e - Regeneration          Chrm/Necr      ###.......   9%          3    ###....
f - Shroud of Golubria    Chrm/Tloc      ###.......   4%          2    ##.....


Dungeon Overview and Level Annotations

Branches:
Dungeon (8/15)             Temple (1/1) D:7
   Lair: D:8-11

Altars:
Ashenzari
Dithmenos
Elyvilon
Fedhas
Gozag
Kikubaaqudgha
Makhleb
Nemelex Xobeh
Okawaru
Qazlal
Ru
Sif Muna
Uskayaw
Vehumet
Wu Jian
Xom
Yredelemnul
Zin
The Shining One

Shops:
D:5 :!


Innate Abilities, Weirdness & Mutations

You cannot wear armour.
You are incapable of wielding weapons or throwing items.
Your paws allow you to move quietly. (Stealth)
You have sharp claws.
You have razor-sharp teeth.
You have supernaturally acute eyesight. (SInv)
You are carnivorous and can eat meat at any time.
You cover ground quickly.
You are covered in thick fur. (AC +2)
You have a slow metabolism.
Your sharp claws are effective at attacking unaware monsters.


Message History

Confirm with . or Enter, or press ? or * to list all spells.
Aiming: Ensorcelled Hibernation
Press: ? - help, Shift-Dir - straight line, f - yak
Aim: a yak (lightly wounded, chance to defeat MR: 51%)
The yak resists with some effort.
The hound completely misses you. The yak misses you. The hound misses you.
The yak closely misses you.
Casting: Ensorcelled Hibernation
Confirm with . or Enter, or press ? or * to list all spells.
You don't have enough magic to cast that spell.
Casting: Ensorcelled Hibernation
Confirm with . or Enter, or press ? or * to list all spells.
You don't have enough magic to cast that spell.
Casting: Ensorcelled Hibernation
Confirm with . or Enter, or press ? or * to list all spells.
You don't have enough magic to cast that spell.
Unknown command.
The yak gores you.
* * * LOW HITPOINT WARNING * * *
The hound bites you.
You die...

.........##
#............##..
.........†##
#...........##..#
.......###.##
#...........##..#
#....### ##.###
#...........#..##
###.##
##..#####...........##
### ##..##
###.........### ##..##
####........# ##.Y##
###..###.# ##@h###
##...# ...
###h.####...###.#.
##..............
##.....#.....#.
########....##.....##
#........#.##..#.#..#
........##....##.##..
.......##..#.##...##.
..........##.........


You could see a yak, a hound and a jackal.

Vanquished Creatures
  An orc warlord (Bailey)
  A spriggan (D:7)
  5 yaks (D:8)
  2 orc warriors (Bailey)
  A hornet zombie (D:8)
  2 phantoms (D:6)
  2 ice beasts
  3 sky beasts
  2 ogres
  A centaur (D:5)
  4 bullfrogs
  A big kobold (D:7)
  A scorpion (D:4)
  3 killer bees (D:8)
  3 wights (D:8)
  3 crimson imps
  2 orc priests (D:5)
  A centaur skeleton (D:8)
  A jelly (D:7)
  4 bullfrog skeletons
  4 orc wizards
  An iguana (D:7)
  7 worker ants
  A hound skeleton (D:7)
  A worker ant zombie (D:7)
  A howler monkey skeleton (D:5)
  3 gnolls (Bailey)
  7 adders
  3 shadow imps
  An ooze (D:7)
  2 adder zombies
  An adder skeleton (D:6)
  4 worms
  A dart slug (D:2)
  5 leopard geckos
  22 orcs
  20 giant cockroaches
  11 goblins
  11 hobgoblins
  4 jackals
  19 kobolds
  3 quokkas
  5 ball pythons (Sewer)
  A bat (D:3)
  5 frilled lizards
  A jackal skeleton (D:6)
  A quokka zombie (D:8)
  5 rats
193 creatures vanquished.

Vanquished Creatures (others)
  2 ogres (D:4)
  A scorpion (D:4)
  A howler monkey (D:4)
  A worker ant (D:4)
5 creatures vanquished.

Grand Total: 198 creatures vanquished

Notes
Turn   | Place    | Note
-------+----------+-------------------------------------------
     0 | D:1      | inc the Felid Enchanter began the quest for the Orb.
     0 | D:1      | Reached XP level 1. HP: 7/7 MP: 4/4
   481 | D:2      | Found a shadowy altar of Dithmenos.
   676 | D:2      | Found an iron altar of Okawaru.
   804 | D:2      | Found a white marble altar of Elyvilon.
  1183 | D:1      | Reached XP level 2. HP: 11/11 MP: 4/6
  1355 | D:1      | Learned a level 2 spell: Ensorcelled Hibernation
  2445 | D:3      | Reached XP level 3. HP: 11/14 MP: 4/7
  3089 | D:3      | Reached XP level 4. HP: 12/18 MP: 5/8
  3320 | D:3      | Reached skill level 5 in Dodging
  3544 | D:4      | Killed an ogre
  3557 | D:4      | Killed an ogre
  3576 | D:4      | Reached XP level 5. HP: 19/21 MP: 3/9
  3746 | D:4      | Found a shimmering altar of Xom.
  3849 | D:4      | Found a glowing drain.
  3871 | D:4      | Learned a level 3 spell: Confuse
  3901 | Sewer    | Entered a sewer
  4653 | D:4      | Found a faded altar of an unknown god.
  4653 | D:4      | Found a basalt altar of Yredelemnul.
  4658 | D:4      | Found a faded altar of an unknown god.
  4660 | D:4      | Found a sparkling altar of Nemelex Xobeh.
  4661 | D:4      | Found a sacrificial altar of Ru.
  4698 | D:4      | Reached skill level 1 in Ice Magic
  4777 | D:4      | Noticed an ogre
  4786 | D:4      | Reached skill level 5 in Hexes
  4786 | D:4      | Gained mutation: You are covered in thick fur. (AC +2) [Felid growth]
  4786 | D:4      | Reached XP level 6. HP: 14/24 MP: 1/10
  4806 | D:4      | Mangled by an ogre
  4807 | D:4      | Reached XP level 5. HP: -9/21 MP: 0/9
  5274 | D:4      | Killed an ogre
  5499 | D:5      | Entered Level 5 of the Dungeon
  5500 | D:5      | Found Wieho's Distillery.
  5513 | D:5      | Reached XP level 6. HP: 24/24 MP: 7/10
  5639 | D:5      | Found Gajoskoh's Book Shop.
  5778 | D:5      | Found a glowing golden altar of the Shining One.
  5997 | D:5      | Reached XP level 7. HP: 27/27 MP: 11/11
  6297 | D:5      | Reached skill level 5 in Unarmed Combat
  6970 | D:6      | Learned a level 1 spell: Confusing Touch
  7047 | D:6      | Reached XP level 8. HP: 31/31 MP: 5/12
  7282 | D:6      | Reached skill level 1 in Fighting
  7917 | D:7      | Identified the Almanac of Aid
  7926 | D:7      | Learned a level 3 spell: Regeneration
  7929 | D:7      | Found a staircase to the Ecumenical Temple.
  7936 | Temple   | Entered the Ecumenical Temple
  8018 | Temple   | Became a worshipper of Ashenzari the Shackled
  8208 | D:7      | Learned a level 2 spell: Shroud of Golubria
  8238 | D:7      | Reached skill level 1 in Evocations
  8595 | D:7      | Reached XP level 9. HP: 28/39 MP: 9/15
  8776 | D:7      | Found a radiant altar of Vehumet.
  8995 | D:8      | Reached * piety under Ashenzari
  9003 | D:8      | Reached skill level 5 in Fighting
  9019 | D:8      | Found a stormy altar of Qazlal.
  9140 | D:8      | Found a flagged portal.
  9168 | Bailey   | Entered a bailey
  9173 | Bailey   | Noticed an orc warlord
  9235 | Bailey   | Slain by an orc warrior
  9236 | Bailey   | Reached XP level 8. HP: -3/57 MP: 4/14
  9267 | Bailey   | Reached skill level 2 in Charms
  9305 | Bailey   | Found a runed gate.
  9307 | Bailey   | Found a runed gate.
  9309 | Bailey   | Found a runed gate.
  9390 | Bailey   | Reached skill level 3 in Charms
  9530 | Bailey   | Killed an orc warlord
  9530 | Bailey   | Reached skill level 8 in Charms
  9530 | Bailey   | Reached XP level 9. HP: 31/41 MP: 3/15
  9813 | D:8      | Slain by a hound

Skill      XL: |  1  2  3  4  5  6  7  8  9 |
---------------+----------------------------+-----
Unarmed Combat | 2 3 6 7 |  7.4
Dodging        | 4 5 6 |  6.3
Ice Magic      | 2 3 |  3.1
Hexes          | 6 7 |  7.0
Fighting       | 4 7 |  7.5
Spellcasting   | 3 |  3.6
Evocations     | 2 |  2.1
Charms         | 8 |  8.1
Stealth        | |  4.0

Action                   |  1- 3 |  4- 6 |  7- 9 || total
-------------------------+-------+-------+-------++-------
Melee: Unarmed           |    79 |   145 |   280 ||   504
       Bite              |     5 |     8 |    16 ||    29
       Punch             |       |     2 |     8 ||    10
 Cast: Corona            |     9 |     2 |       ||    11
       Ensorcelled Hiber |    22 |    48 |    74 ||   144
       Confuse           |       |     5 |    14 ||    19
       Confusing Touch   |       |       |     5 ||     5
       Regeneration      |       |       |     1 ||     1
Invok: Curse Item        |       |       |     3 ||     3
 Abil: Evoke Berserk Rag |     1 |     8 |    11 ||    20
  Use: Scroll            |     4 |     2 |     4 ||    10
       Potion            |     1 |     1 |     2 ||     4
 Stab: Sleeping          |    20 |    30 |    48 ||    98
       Confused          |       |     6 |     8 ||    14
  Eat: Chunk             |     7 |    19 |    19 ||    45
       Ration            |       |       |     1 ||     1
Armor: Skin              |     4 |     4 |    35 ||    43
Dodge: Dodged            |    51 |   113 |   263 ||   427
